 Dungeon Crawl Stone Soup version 0.13.0-17-g5f0e85f (webtiles) character file.

260 Kejsarherre the Skirmisher (level 5, -1/52 HPs)
             Began as an Ogre Wanderer on Oct 21, 2013.
             Slain by a centaur (8 damage)
             ... on Level 4 of the Dungeon.
             The game lasted 00:06:38 (2988 turns).

Kejsarherre the Skirmisher (Ogre Wanderer)          Turns: 2988, Time: 00:06:38

HP  -1/52        AC  3     Str 20      XL: 5   Next: 27%
MP   5/5         EV  9     Int 10      God:
Gold 115         SH  0     Dex  9      Spells:  0 memorised,  4 levels left

Res.Fire  : . . .   See Invis. : .   b - +0 mace
Res.Cold  : . . .   Warding    : .   p - +0 robe
Life Prot.: + . .   Conserve   : .   (shield restricted)
Res.Poison: .       Res.Corr.  : .   (helmet restricted)
Res.Elec. : .       Clarity    : .   (no cloak)
Sust.Abil.: . .     Spirit.Shd : .   (gloves unavailable)
Res.Mut.  : .       Stasis     : .   (boots unavailable)
Res.Rott. : .       Flight     : .   (no amulet)
Saprovore : + . .                    i - +1 ring of strength
                                     h - ring of positive energy

@: slightly resistant to hostile enchantments, very unstealthy
A: unfitting armour, fast metabolism 1, saprovore 1, tough skin 1
a: no special abilities


You were on level 4 of the Dungeon.
You were very hungry.

You visited 1 branch of the dungeon, and saw 4 of its levels.

You collected 65 gold pieces.

Inventory:

Hand weapons
 b - a +0,+0 mace (weapon)
Armour
 p - a +0 robe (worn)
Magical devices
 y - a wand of random effects (11)
Comestibles
 a - 2 pears
 f - 3 meat rations
 q - 2 bread rations
Scrolls
 c - 3 scrolls of fog {unknown}
 g - a scroll of teleportation
 j - 3 scrolls of random uselessness {unknown}
 m - 2 scrolls of remove curse
 o - a scroll of enchant armour {unknown}
 s - 3 scrolls of curse weapon {unknown}
 t - 3 scrolls of curse jewellery {unknown}
 u - a scroll of noise {unknown}
 A - a scroll of blinking {unknown}
Jewellery
 h - a ring of positive energy (left hand)
 i - a +1 ring of strength (right hand)
Potions
 e - a potion of cure mutation
 l - a potion of invisibility
 n - 2 potions of brilliance {unknown}
 v - a potion of resistance {unknown}
 w - a potion of restore abilities {unknown}
 x - a potion of slowing {unknown}


   Skills:
 - Level 6.6 Fighting
 + Level 6.3 Maces & Flails
   Level 2.1 Crossbows
 - Level 1.1 Throwing
 - Level 1.0 Evocations


You had 4 spell levels left.
You didn't know any spells.

Dungeon Overview and Level Annotations

Branches:
Dungeon (4/27)
 Temple: D:4-7

Altars:
Xom

Shops:
D:4 *

Annotations:
D:2 Sigmund


Innate Abilities, Weirdness & Mutations

You are too large for most types of armour.
You have a fast metabolism.
You can tolerate rotten meat.
You have tough skin (AC +1).


Message History

The centaur hits you!
* * * LOW HITPOINT WARNING * * *
The centaur hits you.
* * * LOW HITPOINT WARNING * * *
Drink which item? (? for menu, Esc to quit)
You feel better. The centaur hits you.
* * * LOW HITPOINT WARNING * * *
You hit the centaur but do no damage.
The centaur is almost dead.
The centaur hits you.
* * * LOW HITPOINT WARNING * * *
The centaur hits you.
* * * LOW HITPOINT WARNING * * *
You hit the centaur but do no damage.
The centaur is almost dead.
The centaur hits you!
* * * LOW HITPOINT WARNING * * *
Drink which item? (? for menu, Esc to quit)
You feel better. The centaur hits you!
You die...

..........# #.# #<.##......##.
..........# #.# #..##......##.
..........# #.# #..##......##.
..........# #.# #..##......##.
..........###.# #..##......##.
............(.######..##......##.
.................<....##......# .
..............................#
................@c............#
...>.................####.....#
...................>.# #..#.....
.....................# #..#...##
.....................# #..#...#
...........)....(....# #..# ..#
.....................# #..#
.....................# #..#
...b.................# #..#


You could see a centaur.

Vanquished Creatures
  A worker ant (D:4)
  Jessica (D:2)
  4 adders
  3 worms
  An ooze (D:2)
  4 goblins
  4 hobgoblins
  3 jackals (D:1)
  9 bats
  3 giant cockroaches
  4 giant geckos
  2 giant newts
  A jackal skeleton (D:4)
  7 kobolds
  6 rats
53 creatures vanquished.

Notes
Turn   | Place    | Note
--------------------------------------------------------------
     0 | D:1      | Kejsarherre, the Ogre Wanderer, began the quest for the Orb.
     0 | D:1      | Reached XP level 1. HP: 18/18 MP: 1/1
     0 | D:1      | Rikelek: lulz
     0 | D:1      | Rikelek: fin xbow : )
     0 | D:1      | Kejsarherre: 6.6 fightning
     0 | D:1      | Kejsarherre: GG
     0 | D:1      | Rikelek: satan joel
     3 | D:1      | Rikelek: fattar inte att inte fler kör wn
     3 | D:1      | Rikelek: man får inte bra stats men
     3 | D:1      | Rikelek: det har ju ingen inverkan på poängen
     3 | D:1      | Kejsarherre: Som Ogre är det sak samma
     3 | D:1      | Kejsarherre: Får så äckligt mycket str ändå
    50 | D:1      | Reached skill level 1 in Maces & Flails
   192 | D:1      | Reached XP level 2. HP: 10/27 MP: 2/2
   496 | D:1      | Rikelek: så där ser inte min lvl 1 ut med ogre
   513 | D:1      | Kejsarherre: Haha ^^
   619 | D:1      | Kejsarherre: Hade förövrigt en neck på förra
   619 | D:1      | Kejsarherre: Gourmand rf+ dam +4 -3 dex
   778 | D:1      | Kejsarherre: Sad to se it go!½
   893 | D:1      | Reached XP level 3. HP: 35/35 MP: 3/3
  1292 | D:2      | Noticed Jessica
  1314 | D:2      | Killed Jessica
  1328 | D:2      | Noticed Sigmund
  1603 | D:3      | Reached XP level 4. HP: 38/44 MP: 4/4
  1862 | D:3      | Reached skill level 5 in Maces & Flails
  2415 | D:4      | Found Zadir's General Store.
  2422 | D:4      | Found a shimmering altar of Xom.
  2779 | D:4      | Reached XP level 5. HP: 31/52 MP: 5/5
  2973 | D:4      | Noticed a centaur
  2987 | D:4      | HP: 1/52 [centaur (7)]
  2988 | D:4      | Slain by a centaur

Action                   |  1- 3 |  4- 6 || total
-------------------------+-------+-------++-------
Melee: Mace              |   101 |   105 ||   206
Evoke: Wand              |       |     2 ||     2
  Use: Scroll            |       |     5 ||     5
       Potion            |       |     3 ||     3
 Stab: Sleeping          |     1 |       ||     1
